 Dungeon Crawl Stone Soup version 0.26.0-16-gc1dbca0489 (webtiles) character file.

Game seed: 3715785473239016063

156 leafyfresh the Magician (level 5, -1/37 HPs)
             Began as a Gnoll Hedge Wizard on Jan 18, 2021.
             Slain by an orc wizard
             ... wielding a +0 dagger of venom
              (4 damage)
             ... on level 3 of the Dungeon.
             The game lasted 00:05:08 (3699 turns).

leafyfresh the Magician (Gnoll Hedge Wizard)        Turns: 3699, Time: 00:05:08

Health: -1/37      AC:  4    Str: 12    XL:     5   Next: 37%
Magic:  13/14      EV: 19    Int: 18    God:
Gold:   220        SH:  0    Dex: 20    Spells: 17/18 levels left

rFire    . . .     SeeInvis .   p - +2 morningstar (protect)
rCold    . . .     Faith    .   (no shield)
rNeg     . . .     Spirit   .   b - +0 robe
rPois    .         Reflect  .   c - +0 hat
rElec    .         Harm     .   (no cloak)
rCorr    .         Rampage  .   o - +0 pair of gloves
Will     .....                  l - +0 pair of boots
Stlth    +++.......             (no amulet)
HPRegen  0.12/turn              e - +6 ring of dexterity
MPRegen  0.14/turn              i - +4 ring of evasion

@: lethally poisoned (-1 -> -11), hasted, very quick
A: distributed training, fangs 1, strong nose
a: no special abilities


You were on level 3 of the Dungeon.
You visited 1 branch of the dungeon, and saw 4 of its levels.

You collected 220 gold pieces.

Inventory:

Hand Weapons
 a - a +0 dagger
 j - a +0 club
 p - a +2 morningstar of protection (weapon)
Armour
 b - a +0 robe (worn)
 c - a +0 hat (worn)
 l - a +0 pair of boots (worn)
 o - a +0 pair of gloves (worn)
Jewellery
 e - a +6 ring of dexterity (left hand)
 i - a +4 ring of evasion (right hand)
 u - an uncursed ring of see invisible
Wands
 v - a wand of flame (11)
Scrolls
 f - 2 scrolls of blinking {unknown}
 g - 2 scrolls of fog {unknown}
 m - 2 scrolls of identify {unknown}
 s - a scroll of remove curse {unknown}
Potions
 d - a potion of magic {unknown}
 h - a potion of resistance {unknown}
 k - 2 potions of haste
 n - 2 potions of flight {unknown}
 q - 2 potions of curing {unknown}
 r - a potion of might {unknown}
 t - a potion of lignification {unknown}


   Skills:
 + Level 1.4 Fighting
 + Level 1.4 Short Blades
 + Level 1.4 Long Blades
 + Level 1.4 Axes
 + Level 1.4 Maces & Flails
 + Level 1.4 Polearms
 + Level 1.4 Staves
 + Level 1.4 Slings
 + Level 1.4 Bows
 + Level 1.4 Crossbows
 + Level 1.4 Throwing
 + Level 1.4 Armour
 + Level 4.8 Dodging
 + Level 4.4 Stealth
 + Level 1.4 Shields
 + Level 1.4 Unarmed Combat
 + Level 7.3 Spellcasting
 + Level 2.4 Conjurations
 + Level 1.1 Hexes
 + Level 2.4 Summonings
 + Level 1.1 Necromancy
 + Level 2.4 Translocations
 + Level 1.1 Transmutations
 + Level 1.1 Fire Magic
 + Level 1.1 Ice Magic
 + Level 1.1 Air Magic
 + Level 1.1 Earth Magic
 + Level 1.1 Poison Magic
 + Level 1.6 Invocations
 + Level 1.4 Evocations


You had 17 spell levels left.
You knew the following spells:

 Your Spells              Type           Power        Failure   Level
a - Magic Dart            Conj           60%          4%          1

Your spell library contained the following spells:

 Spells                   Type           Power        Failure   Level
 Blink                    Tloc           N/A          6%          2
 Call Imp                 Summ           15%          6%          2
 Slow                     Hex            10%          10%         2
 Conjure Flame            Conj/Fire      13%          16%         3
 Mephitic Cloud           Conj/Pois/Air  12%          16%         3


Dungeon Overview and Level Annotations

Branches:
Dungeon (4/15)
 Temple: D:4-7

Altars:
Dithmenos
Kikubaaqudgha

Annotations:
D:4 Menkaure


Innate Abilities, Weirdness & Mutations

Your experience applies equally to all skills.
You have very sharp teeth.
Your uncanny sense of smell can sniff out nearby items.


Message History

* * * LOW HITPOINT WARNING * * *
You feel sick. Something hits you but does no damage.
You are more poisoned.
The orc barely misses you. The orc wizard barely misses you.
Something hits you but does no damage.
Unknown command.
* * * LOW HITPOINT WARNING * * *
You feel sick. Something closely misses you.
The orc hits you with a +0 short sword.
* * * LOW HITPOINT WARNING * * *
The orc wizard barely misses you. Something hits you but does no damage.
You climb upwards.
Reactivating autopickup.
* * * LOW HITPOINT WARNING * * *
You feel sick.
There is a stone staircase leading down here.
It was a potion of haste.
You feel yourself speed up.
* * * LOW HITPOINT WARNING * * *
You feel sick. Something hits you.
You die...

#########
#.......##########
#.#####)##........ #.#
#.##.######.
#@#####.##.#### #.
####{#...........###.
#..o.o.###..#.##.....
#.##.#####....######.
#####.##.####............
#................########
#.###.##.######.##
#.###.##.# #.# #.##..##.#
#.#


You could see an orc wizard and an orc.

Vanquished Creatures
  A centaur skeleton (D:2)
  A worker ant (D:3)
  A hound skeleton (D:4)
  2 adders (D:2)
  2 oozes
  An adder skeleton (D:4)
  3 worms
  A dart slug (D:2)
  2 leopard geckos
  2 orcs
  7 bats
  6 giant cockroaches
  4 goblins
  6 hobgoblins
  2 jackals (D:3)
  8 kobolds
  A ball python (D:2)
  6 frilled lizards
  6 rats
62 creatures vanquished.

Notes
Turn   | Place    | Note
-------+----------+-------------------------------------------
     0 | D:1      | leafyfresh the Gnoll Hedge Wizard began the quest for the
                  | Orb.
     0 | D:1      | Reached XP level 1. HP: 13/13 MP: 8/8
   130 | D:1      | Reached XP level 2. HP: 19/19 MP: 10/10
   521 | D:1      | You fall into a shaft and drop 1 floor!
   551 | D:2      | Reached XP level 3. HP: 11/25 MP: 7/11
  1212 | D:2      | Reached skill level 1 in Invocations
  1550 | D:2      | Reached skill level 1 in Fighting
  1550 | D:2      | Reached skill level 1 in Short Blades
  1550 | D:2      | Reached skill level 1 in Long Blades
  1550 | D:2      | Reached skill level 1 in Axes
  1550 | D:2      | Reached skill level 1 in Maces & Flails
  1550 | D:2      | Reached skill level 1 in Polearms
  1550 | D:2      | Reached skill level 1 in Staves
  1550 | D:2      | Reached skill level 1 in Slings
  1550 | D:2      | Reached skill level 1 in Bows
  1550 | D:2      | Reached skill level 1 in Crossbows
  1550 | D:2      | Reached skill level 1 in Throwing
  1550 | D:2      | Reached skill level 1 in Armour
  1550 | D:2      | Reached skill level 1 in Shields
  1550 | D:2      | Reached skill level 1 in Unarmed Combat
  1550 | D:2      | Reached skill level 1 in Evocations
  1676 | D:2      | Reached XP level 4. HP: 27/32 MP: 13/13
  2072 | D:2      | Reached skill level 1 in Hexes
  2072 | D:2      | Reached skill level 1 in Necromancy
  2072 | D:2      | Reached skill level 1 in Transmutations
  2072 | D:2      | Reached skill level 1 in Fire Magic
  2072 | D:2      | Reached skill level 1 in Ice Magic
  2072 | D:2      | Reached skill level 1 in Air Magic
  2072 | D:2      | Reached skill level 1 in Earth Magic
  2072 | D:2      | Reached skill level 1 in Poison Magic
  2641 | D:3      | Found a shadowy altar of Dithmenos.
  2746 | D:3      | Reached XP level 5. HP: 37/37 MP: 14/14
  3214 | D:4      | Noticed Menkaure
  3626 | D:4      | Found an ancient bone altar of Kikubaaqudgha.
  3699 | D:3      | Slain by an orc wizard

Illustrated notes

Levels and vault maps discovered:
D:1:      lightli_arrival_statuegarden, layout_loops_ring
D:2:      minmay_general_purpose_star, layout_basic
D:3:      layout_loops_corners, nicolae_dithmenos_shadow_blocks
D:4:      layout_cave_pools, old_standard_altar, minmay_temple_entry_junction,
          serial_column_ruins, column_ruins_columns_water,
          column_ruins_columns_straight, column_ruins_open_large,
          column_ruins_grid_1, uniq_menkaure

Skill      XL: |  1  2  3  4 |
---------------+-------------+-----
Conjurations   | 2 |  2.4
Summonings     | 2 |  2.4
Translocations | 2 |  2.4
Invocations    | 1 |  1.6
Fighting       | 1 |  1.4
Short Blades   | 1 |  1.4
Long Blades    | 1 |  1.4
Axes           | 1 |  1.4
Maces & Flails | 1 |  1.4
Polearms       | 1 |  1.4
Staves         | 1 |  1.4
Slings         | 1 |  1.4
Bows           | 1 |  1.4
Crossbows      | 1 |  1.4
Throwing       | 1 |  1.4
Armour         | 1 |  1.4
Shields        | 1 |  1.4
Unarmed Combat | 1 |  1.4
Evocations     | 1 |  1.4
Hexes          | 1 |  1.1
Necromancy     | 1 |  1.1
Transmutations | 1 |  1.1
Fire Magic     | 1 |  1.1
Ice Magic      | 1 |  1.1
Air Magic      | 1 |  1.1
Earth Magic    | 1 |  1.1
Poison Magic   | 1 |  1.1
Dodging        | |  4.8
Stealth        | |  4.4
Spellcasting   | |  7.3

Action                   |  1- 3 |  4- 6 || total
-------------------------+-------+-------++-------
Melee: Dagger            |    28 |       ||    28
       Club              |    65 |       ||    65
       Bite              |     8 |     8 ||    16
       Morningstar       |     8 |    81 ||    89
       Punch             |       |     1 ||     1
 Cast: Magic Dart        |     8 |     3 ||    11
  Use: Potion            |       |     1 ||     1
 Stab: Sleeping          |    14 |     8 ||    22
Armor: Robe              |    15 |    24 ||    39
Dodge: Dodged            |    89 |   108 ||   197
